 Dungeon Crawl Stone Soup version 0.29-a0-551-gffc1d7fb78 (webtiles) character file.

Game seed: 5981360341906533501

560 vulpzor the Stinger (level 7, 0/44 HPs)
             Began as an Octopode Venom Mage on June 6, 2022.
             Was a Follower of Wu Jian.
             Slain by a hound skeleton (3 damage)
             ... on level 4 of the Dungeon.
             The game lasted 00:21:09 (3932 turns).

vulpzor the Stinger (Octopode Venom Mage)           Turns: 3932, Time: 00:21:09

Health: 0/44       AC:  1    Str:  7    XL:     7   Next: 31%
Magic:  12/12      EV: 13    Int: 20    God:    Wu Jian [*.....]
Gold:   184        SH:  0    Dex: 12    Spells: 3/13 levels left

rFire   . . .      SeeInvis .   e - staff of poison
rCold   . . .      Faith    .   b - orb {*Rage}
rNeg    . . .      Spirit   .   (helmet restricted)
rPois   +          Reflect  .   (no amulet)
rElec   .          Harm     .   (no ring)
rCorr   .          Rampage  .   (no ring)
Will    .....      Rage     20% (no ring)
Stlth   +++.......              (no ring)
HPRegen 0.14/turn               (no ring)
MPRegen 0.13/turn               (no ring)
                                (no ring)
                                (no ring)

@: on berserk cooldown, slowed, fire susceptible, very slow
A: almost no armour, amphibious, 8 rings, camouflage 1, gelatinous body 1,
(nimble swimmer 1), tentacles
a: Renounce Religion


You were on level 4 of the Dungeon.
You worshipped Wu Jian.
Wu Jian was aware of your devotion.
You visited 1 branch of the dungeon, and saw 4 of its levels.

You collected 184 gold pieces.

Inventory:

Hand Weapons
 c - a +1 vorpal hunting sling
Missiles
 d - 28 stones
Armour
 b - an orb of wrath (worn)
Magical Staves
 e - a staff of poison (weapon)
Scrolls
 p - a scroll of blinking {unknown}
 q - a scroll of teleportation
 r - a scroll of identify {unknown}
 v - a scroll of amnesia {unknown}
Potions
 a - a potion of magic
 f - a potion of degeneration {unknown}
 g - 2 potions of resistance {unknown}
 h - a potion of haste {unknown}
 i - 2 potions of flight {unknown}
 j - a potion of ambrosia {unknown}
 k - a potion of might {unknown}
 m - a potion of heal wounds {unknown}
 n - a potion of lignification {unknown}
 t - a potion of attraction {unknown}
 u - a potion of brilliance {unknown}


   Skills:
 + Level 1.8 Fighting
 + Level 2.5 Staves
 + Level 2.8 Dodging
 + Level 4.3 Stealth
 + Level 0.4 Unarmed Combat
 + Level 3.7 Spellcasting
 + Level 3.0 Transmutations
 * Level 5.4 Poison Magic


You had 3 spell levels left.
You knew the following spells:

 Your Spells              Type           Power      Damage    Failure   Level
a - Sting                 Tmut/Pois      100%       1d8       2%          1
b - Poisonous Vapours     Pois/Air       42%        N/A       7%          2
c - Olgreb's Toxic Radia  Pois           38%        N/A       14%         4
d - Mephitic Cloud        Conj/Pois/Air  16%        N/A       19%         3

Your spell library contained the following spells:

 Spells                   Type           Power      Damage    Failure   Level
 Magic Dart               Conj           12%        1d3       13%         1
 Searing Ray              Conj           6%         2d4       21%         2
 Fulminant Prism          Conj/Hex       1%         3d6       78%         4


Dungeon Overview and Level Annotations

Branches:
Dungeon (4/15)
 Temple: D:4-7

Altars:
Nemelex Xobeh
Qazlal
Wu Jian
Zin
Ignis


Innate Abilities, Weirdness & Mutations

You cannot wear most types of armour.
You are amphibious.
You can wear up to eight rings at the same time.
Your skin changes colour to match your surroundings (Stealth+).
Your rubbery body absorbs attacks. (AC +1, EV +1)
((You are camouflaged when in or above water. (Stealth+)))
You have tentacles for arms and can constrict up to eight enemies at once.


Message History

You hit the worm.
The worm is heavily wounded.
You constrict the worm. The worm barely misses you.
You hit the worm.
The worm is severely wounded.
You constrict the worm. The worm barely misses you.
You hit the worm.
The worm is almost dead.
You constrict the worm.
You kill the worm!
The Council accepts your kill.
You can now lightly attack monsters by moving around them.
You hit the hobgoblin. Your grab misses the hobgoblin.
The hobgoblin is lightly wounded.
The hobgoblin misses you.
You hit the hobgoblin but do no damage. You grab the hobgoblin.
The hobgoblin is lightly wounded.
You constrict the hobgoblin, but do no damage.
The hobgoblin barely misses you. The hobgoblin closely misses you.
You hit the hobgoblin.
You squeeze the hobgoblin, but do no damage.
The hobgoblin is moderately wounded.
You constrict the hobgoblin, but do no damage.
The hobgoblin misses you.
You hit the hobgoblin. Your squeeze misses the hobgoblin.
The hobgoblin is almost dead.
You constrict the hobgoblin.
You kill the hobgoblin!
The Council accepts your kill. The hound skeleton closely misses you.
You hit the hound skeleton. You grab the hound skeleton.
You squeeze the hound skeleton.
The hound skeleton is moderately damaged.
You constrict the hound skeleton. The hound skeleton barely misses you.
The hound skeleton closely misses you.
You hit the hound skeleton but do no damage.
The hound skeleton is moderately damaged.
You constrict the hound skeleton. The hound skeleton closely misses you.
The hound skeleton bites you.
You die...

. ... .#.. #...
... #.. #.# #.#
#@# ##Z## ###.Z.##
# # ##.?≈...###.#
#.#...≈≈.......
#.##.....≈≈......#
#.#####.≈≈≈.P.####
#.# #..≈≈..## #.#
#..≈.......#


You could see a centaur zombie and a hound skeleton.

Vanquished Creatures
  Sigmund (D:2)
  A phantom (D:4)
  A necrophage (D:4)
  A water moccasin zombie (D:4)
  A hound (D:4)
  2 bullfrog skeletons (D:4)
  A scorpion zombie (D:4)
  A hound zombie (D:4)
  An adder (D:3)
  An adder zombie (D:4)
  An adder skeleton (D:4)
  2 worms
  A dart slug (D:1)
  8 orcs
  3 endoplasms
  2 giant cockroaches (D:1)
  5 goblins
  8 hobgoblins
  5 kobolds
  5 quokkas
  3 ball pythons
  4 bats
  4 frilled lizards (D:1)
  10 rats
72 creatures vanquished.

Vanquished Creatures (others)
  A quokka (D:4)
  4 withered plants (D:4)
5 creatures vanquished.

Grand Total: 77 creatures vanquished

Notes
Turn   | Place    | Note
-------+----------+-------------------------------------------
     0 | D:1      | vulpzor the Octopode Venom Mage began the quest for the
                  | Orb.
     0 | D:1      | Reached XP level 1. HP: 11/11 MP: 3/3
   288 | D:1      | Reached XP level 2. HP: 5/17 MP: 0/5
  1125 | D:1      | Reached XP level 3. HP: 21/21 MP: 6/6
  1235 | D:1      | Reached skill level 4 in Poison Magic
  1650 | D:2      | Noticed Sigmund
  1669 | D:2      | Killed Sigmund
  1670 | D:2      | Reached skill level 1 in Staves
  1670 | D:2      | Reached XP level 4. HP: 10/27 MP: 1/8
  1670 | D:2      | Reached XP level 5. HP: 12/32 MP: 1/9
  2218 | D:2      | Found a faded altar of an unknown god.
  2248 | D:2      | Prayed at the altar of an unknown god.
  2248 | D:2      | Became a worshipper of Ignis, the Dying Flame
  2319 | D:2      | Learned a level 2 spell: Poisonous Vapours
  2324 | D:2      | Learned a level 4 spell: Olgreb's Toxic Radiance
  2328 | D:2      | Learned a level 3 spell: Mephitic Cloud
  2518 | D:3      | Found a large runed translucent door.
  2519 | D:3      | Found a large runed translucent door.
  2530 | D:3      | Found a glowing silver altar of Zin.
  2556 | D:3      | Found a sparkling altar of Nemelex Xobeh.
  3191 | D:3      | Found an ornate altar of the Wu Jian Council.
  3197 | D:3      | Fell from the grace of Ignis
  3197 | D:3      | Became a worshipper of the Wu Jian Council
  3260 | D:4      | Reached skill level 1 in Fighting
  3260 | D:4      | Reached XP level 6. HP: 38/38 MP: 9/11
  3276 | D:4      | Reached skill level 5 in Poison Magic
  3593 | D:4      | Found a stormy altar of Qazlal.
  3652 | D:4      | Reached XP level 7. HP: 21/43 MP: 5/12
  3923 | D:4      | HP: 1/44 [worm (3)]
  3926 | D:4      | Reached * piety under Wu Jian
  3932 | D:4      | Slain by a hound skeleton

Illustrated notes

Levels and vault maps discovered:
D:1:      heliophobic_arrival_battle_scene, layout_rooms
D:2:      layout_basic, hellmonk_ecumenical_altar_prayer_group, uniq_sigmund
D:3:      layout_basic, mainiacjoe_overflow_alcove_2, jmf_multi_god_temple2
D:4:      layout_loops_ring, mainiacjoe_overflow_brackets, elyvilon_altar_4,
          vehumet_crystals, serial_undead, serial_undead_f, serial_undead_e,
          serial_undead_a, serial_undead_b, serial_undead_c, serial_undead_c,
          chequers_serial_rivers_micro_b, nicolae_shop_overcharged_wands

Skill      XL: |  1  2  3  4  5  6  7 |
---------------+----------------------+-----
Stealth        | 3 4 |  4.3
Poison Magic   | 4 5 |  5.4
Staves         | 1 2 |  2.5
Spellcasting   | 3 |  3.7
Transmutations | 2 3 |  3.0
Fighting       | 1 |  1.8
Dodging        | |  2.8
Unarmed Combat | |  0.4

Action                   |  1- 3 |  4- 6 |  7- 9 || total
-------------------------+-------+-------+-------++-------
Melee: Unarmed           |    16 |       |       ||    16
       Constrict         |    10 |     8 |     6 ||    24
       Tentacles         |     8 |    10 |     9 ||    27
       Staff             |    31 |    38 |    36 ||   105
       Punch             |       |     1 |       ||     1
 Cast: Sting             |    25 |    30 |     8 ||    63
Invok: Lunge             |       |     2 |       ||     2
  Use: Scroll            |     3 |       |     3 ||     6
 Stab: Sleeping          |     1 |     1 |       ||     2
Armor: Skin              |     5 |       |     2 ||     7
Dodge: Dodged            |    32 |    29 |    33 ||    94

Table legend: (Time is in decaauts)
 A = Elapsed time spent in this place.
 B = Non-inter-level travel time spent in this place.
 C = Inter-level travel time spent in this place.
 D = Time resting spent in this place.
 E = Time spent auto-exploring this place.
 F = Levels seen in this place.
 G = Mean time per level.
                   A        B        C        D        E       F      G
               +--------+--------+--------+--------+--------+-----+--------+
         Total |   4059 |   4059 |      0 |   1042 |   1412 |   4 | 1014.8 |
       Dungeon |   4059 |   4059 |      0 |   1042 |   1412 |   4 | 1014.8 |
               +--------+--------+--------+--------+--------+-----+--------+

Top non-repeatable levels by time:
     D:1: 1329 daAuts
     D:2: 1153 daAuts
     D:3: 846 daAuts
     D:4: 730 daAuts
